AoeStats
← DK

Hill Fort

506700967Analyzed
4v4 RM · 18d ago on Sep 14, 2026· 75m 44s· 8 players
Game mode
Random Map
Map size
Large (8 player)
Population
200
Speed
Normal
Resources
Standard
Victory
Conquest
Starting age
Dark Age
Ending age
Imperial Age
RankedLock teamsTeams togetherTeam positionsShared explorationLock speedFull tech treeHidden civsTurbo modeCheats
Victory
Defeat
🇩🇪 Japanese · Germany
1135
+14
🇩🇪 Saracens · Germany
1090
+15
🇺🇸 Dravidians · United States
1086
+16
🇩🇪 Vietnamese · Germany
995
+19
🇩🇪 Franks · Germany
1097
-17
1085
-16
🇩🇪 Italians · Germany
1071
-16
🇩🇪 Britons · Germany
1048
-15
RBTV_Red
4:52 Loom
12:08 Feudal Age
15:51 Castle Age
14:10 Double-Bit Axe
15:00 Horse Collar
15:42 Scale Mail Armor
16:48 Forging
18:13 Bow Saw
23:11 Iron Casting
23:42 Chain Mail Armor
25:25 Wheelbarrow
29:08 Arson
29:24 Squires
28:44 Pikeman
29:30 Stone Mining
29:32 Gold Mining
33:46 Hand Cart
43:06 Murder Holes
43:35 Ballistics
43:27 Masonry
43:30 Fervor
43:46 Town Watch
48:58 Town Patrol
52:21 Imperial Age
49:37 Elite Skirmisher
53:53 Kataparuto
53:53 Conscription
53:29 Capped Ram
54:48 Onager
55:52 Heavy Plow
58:46 Siege Engineers
59:42 Chemistry
60:57 Two-Man Saw
59:45 Imperial Skirmisher
60:25 Halberdier
[SOL] MoE86
4:20 Loom
15:25 Feudal Age
17:24 Wheelbarrow
20:06 Double-Bit Axe
20:06 Horse Collar
23:38 Castle Age
24:39 Hand Cart
33:23 Pikeman
34:07 Squires
33:54 Arson
44:48 Town Watch
60:13 Imperial Age
68:39 Paper Money
73:50 Ballistics
75:32 Elite Skirmisher
76:18 Thumb Ring
Pillerwiller
11:05 Feudal Age
18:33 Castle Age
17:58 Double-Bit Axe
17:56 Horse Collar
18:34 Loom
21:14 Wheelbarrow
20:52 Scale Barding Armor
28:39 Hand Cart
29:42 Husbandry
34:23 Town Watch
38:23 Heavy Plow
41:04 Chain Barding Armor
40:55 Forging
41:54 Bloodlines
42:49 Fletching
42:34 Elite Skirmisher
47:40 Imperial Age
46:37 Bodkin Arrow
47:17 Iron Casting
47:37 Bow Saw
48:21 Elite Mameluke
50:11 Plate Barding Armor
53:45 Blast Furnace
52:40 Imperial Skirmisher
66:57 Bracer
66:57 Padded Archer Armor
71:48 Two-Man Saw
Dumb_Armadillo
6:10 Loom
11:03 Feudal Age
17:33 Castle Age
15:47 Double-Bit Axe
16:06 Horse Collar
16:44 Gold Mining
17:32 Man-at-Arms
17:59 Arson
19:55 Town Watch
20:45 Wheelbarrow
21:43 Stone Mining
21:57 Gambesons
24:31 Pikeman
25:42 Elite Skirmisher
27:01 Squires
26:23 Long Swordsman
26:49 Arson
29:20 Bow Saw
29:16 Heavy Plow
33:24 Imperial Age
31:26 Thumb Ring
34:04 Forging
33:54 Scale Mail Armor
33:56 Padded Archer Armor
34:11 Two-Handed Swordsman
35:06 Fletching
35:04 Halberdier
38:23 Hand Cart
39:08 Conscription
41:29 Two-Man Saw
40:52 Guilds
40:09 Champion
40:23 Imperial Skirmisher
41:40 Leather Archer Armor
43:08 Hoardings
45:44 Elite Elephant Archer
46:54 Bodkin Arrow
47:16 Chain Mail Armor
47:19 Medical Corps
49:27 Wootz Steel
52:10 Ballistics
52:03 Masonry
55:09 Bracer
55:52 Plate Mail Armor
65:08 Iron Casting
65:24 Ring Archer Armor
67:12 Blast Furnace
69:38 Siege Elephant
1,3,7-Trimethylxanthine
5:56 Loom
12:55 Feudal Age
18:17 Castle Age
16:29 Horse Collar
16:49 Double-Bit Axe
19:29 Wheelbarrow
20:02 Wheelbarrow
21:35 Gold Mining
23:12 Bow Saw
25:45 Husbandry
27:50 Scale Barding Armor
37:36 Imperial Age
36:28 Hand Cart
38:42 Conscription
38:37 Elite Skirmisher
39:22 Thumb Ring
42:54 Chemistry
42:15 Ballistics
48:03 Logistica
53:09 Padded Archer Armor
52:59 Fletching
55:24 Bodkin Arrow
55:45 Leather Archer Armor
62:37 Ring Archer Armor
62:54 Light Cavalry
65:13 Hussar
67:35 Chain Barding Armor
67:26 Forging
70:38 Iron Casting
74:04 Bracer
Stumpi
11:25 Feudal Age
11:06 Loom
14:47 Double-Bit Axe
14:52 Horse Collar
18:03 Castle Age
16:20 Gold Mining
19:32 Wheelbarrow
19:44 Crossbowman
20:47 Fletching
26:46 Hand Cart
29:52 Ballistics
32:48 Bodkin Arrow
32:54 Padded Archer Armor
37:20 Imperial Age
37:55 Arbalester
39:33 Bracer
41:22 Leather Archer Armor
42:25 Chemistry
42:56 Yeomen
42:37 Warwolf
74:15 Light Cavalry
DK
11:48 Feudal Age
11:18 Loom
17:20 Castle Age
15:47 Double-Bit Axe
17:27 Scale Barding Armor
17:34 Forging
18:30 Chain Barding Armor
20:32 Husbandry
21:57 Iron Casting
34:19 Coinage
34:32 Wheelbarrow
38:37 Imperial Age
39:34 Hand Cart
38:43 Cavalier
39:22 Fletching
41:07 Plate Barding Armor
43:09 Blast Furnace
44:16 Bow Saw
47:28 Paladin
51:01 Caravan
57:37 Bodkin Arrow
60:12 Ballistics
60:53 Chemistry
70:00 Light Cavalry
darkspire03
11:32 Feudal Age
12:38 Loom
16:13 Castle Age
14:06 Double-Bit Axe
14:49 Fletching
21:27 Town Watch
23:00 Bodkin Arrow
33:33 Horse Collar
34:04 Bow Saw
33:37 Crossbowman
37:35 Wheelbarrow
42:54 Ballistics
46:58 Imperial Age
47:10 Padded Archer Armor
48:11 Murder Holes
48:43 Pirotechnia
48:53 Conscription
50:34 Chemistry
50:02 Arbalester
51:43 Light Cavalry
52:44 Bloodlines
53:01 Hussar
53:42 Husbandry
55:35 Hoardings
56:06 Scale Barding Armor
63:53 Cavalier
66:01 Caravan
66:28 Silk Road
66:49 Fortified Wall
68:31 Bracer
68:51 Chain Barding Armor
68:44 Forging
Connection lost

Rejoining the realm…

Still unreachable

The connection could not be restored.

Session expired

The server has moved on; the page needs a fresh start.